 Dungeon Crawl Stone Soup version 0.30.1-11-g7821555f0a (webtiles) character file.

Game seed: 10916923919711834768

4151 lonewolfV2 the Fighter (level 10, -5/92 HPs)
             Began as a Formicid Fighter on Nov 2, 2023.
             Was an Initiate of Qazlal.
             Slain by a seven-headed hydra (8 damage)
             ... on level 8 of the Dungeon.
             The game lasted 00:15:27 (8024 turns).

lonewolfV2 the Fighter (Formicid Fighter)           Turns: 8024, Time: 00:15:28

Health: -5/92      AC: 12    Str: 26    XL:     10   Next: 52%
Magic:  0/10       EV: 10    Int:  7    God:    Qazlal [......]
Gold:   339        SH:  5    Dex: 13    Spells: 9/9 levels left

rFire   . . .        a - +4 war axe
rCold   + . .        c - +0 buckler
rNeg    . . .        i - +0 plate armour
rPois   .            (helmet unavailable)
rElec   .            (no cloak)
rCorr   .            (no gloves)
SInv    +            (no boots)
Will    +....        h - amulet of regeneration Stlth
                     s - ring of protection from cold
HPRegen 1.15/turn    (no ring)
MPRegen 0.12/turn

%: no passive effects
@: studying Fighting
A: permanent stasis, dig shafts and tunnels, antennae 3, four strong arms,
MP-powered wands
a: Dig, Shaft Self, Renounce Religion


You were on level 8 of the Dungeon.
You worshipped Qazlal.
Qazlal was noncommittal.
You visited 2 branches of the dungeon, and saw 9 of its levels.

You collected 339 gold pieces.

Inventory:

Hand Weapons
 a - a +4 war axe (weapon)
Armour
 c - a +0 buckler (worn)
 i - a +0 plate armour (worn)
Jewellery
 h - an amulet of regeneration (around neck)
 s - a ring of protection from cold (left hand)
 t - a ring of ice
Wands
 l - a wand of charming (6)
 p - a wand of iceblast (18)
Scrolls
 b - a scroll of magic mapping {unknown}
 g - 2 scrolls of teleportation
 n - 2 scrolls of fog
Potions
 f - a potion of berserk rage
 j - a potion of attraction
 k - 2 potions of haste
 q - a potion of degeneration
 r - a potion of lignification
 u - a potion of magic


   Skills:
 + Level 13.0 Fighting
 - Level 2.0 Axes
 * Level 6.0 Armour
 - Level 10.2 Dodging
 - Level 4.0 Shields


You had 9 spell levels left.
You didn't know any spells.
Your spell library contained the following spells:

 Spells                   Type           Power      Damage    Failure   Level
 Shock                    Conj/Air       0%         1d3       100%        1
 Airstrike                Air            0%         2d(0-16)  100%        4
 Swiftness                Air            Unusable   N/A       N/A         3

Dungeon Overview and Level Annotations

Branches:
Dungeon (8/15)             Temple (1/1) D:6
   Lair: D:8-11

Altars:
Ashenzari
Cheibriados
Dithmenos
Elyvilon
Fedhas
Gozag
Hepliaklqana
Kikubaaqudgha
Makhleb
Okawaru
Qazlal
Ru
Sif Muna
Trog
Uskayaw
Vehumet
Wu Jian
Xom
Yredelemnul
Zin
The Shining One

Shops:
D:2 [   D:6 *

Portals:
Bailey: D:8

Annotations:
D:3 Pargi


Innate Abilities, Weirdness & Mutations

You cannot be hasted, slowed, berserked, paralysed or teleported.
You can dig through walls and to a lower floor.
You have a pair of large antennae on your head. (SInv)
Your four strong arms can wield two-handed weapons with a shield.
You expend magic power (3 MP) to strengthen your wands.


Message History

Aim: a seven-headed hydra (moderately wounded)
The mass of ice explodes!
The iceblast engulfs the seven-headed hydra!
The seven-headed hydra is heavily wounded.
The iceblast engulfs the slime creature!
The slime creature is moderately wounded.
The portcullis has been lowered almost to the ground.
Aiming: Iceblast
Press: ? - help, Q - select action, (/) - cycle Shift-Dir - straight line, f/p - seven-headed hydra
Aim: a seven-headed hydra (heavily wounded)
The mass of ice explodes!
The iceblast engulfs the seven-headed hydra!
The seven-headed hydra is severely wounded.
The iceblast engulfs the slime creature.
The slime creature is moderately wounded.
The seven-headed hydra attacks as you move away!
The seven-headed hydra bites you.
* * * LOW HITPOINT WARNING * * *
The seven-headed hydra closely misses you.
The seven-headed hydra bites you.
* * * LOW HITPOINT WARNING * * *
The seven-headed hydra bites you but does no damage.
The seven-headed hydra barely misses you.
The seven-headed hydra bites you.
* * * LOW HITPOINT WARNING * * *
The seven-headed hydra bites you!
* * * LOW HITPOINT WARNING * * *
Read: scroll of fear
Press: ? - help, Q - select action, (/) - cycle Dir - look around, f - activate Look: a seven-headed hydra (severely wounded, chance to affect: 79%)
As you read the scroll of fear, it crumbles to dust.
You assume a fearsome visage.
The seven-headed hydra resists with almost no effort.
The slime creature looks frightened!
The troll looks frightened!
The seven-headed hydra bites you!
* * * LOW HITPOINT WARNING * * *
You block the seven-headed hydra's attack.
The seven-headed hydra bites you!
You die...

##..########...####
#.## ###.........#
#.# #...###'###[...
## #.####..##.....#
... #.
#......####)..###
.##.#### #
#####.###)##)##)####.
#?:○# .##
#.#.##.#.#.##.#.#
..$.○##.#
#.#..##...##..#.#
..$..°#.#
#.+.....#..@DJ'##
#.{)†{+
#.#..##...##..#T#{{
#{#
#.#.##.#.#.##.#.##
##{#
#.###.##.##.####{##
##{## #.. ###...###
##.#####{## .....
##....{## ###+###
###+###


You could see a seven-headed hydra, a slime creature (fleeing) and a troll
(fleeing).

Vanquished Creatures
  A centaur warrior (D:8)
  A wyvern (D:8)
  A basilisk (D:8)
  An orc warrior (D:7)
  4 ice beasts
  2 black bears
  3 ogres
  2 lemures (D:6)
  3 centaurs
  A phantom (D:5)
  3 kobold brigands
  A bullfrog (D:8)
  A gnoll sergeant (D:8)
  5 scorpions
  5 wights
  2 howler monkeys
  A hound (D:5)
  2 jellies
  2 gnoll boudas
  5 iguanas
  Crazy Yiuf (D:5)
  3 orc wizards
  8 gnolls
  6 adders
  A shadow imp (D:6)
  2 white imps
  An ufetubus (D:6)
  2 worms
  22 orcs
  5 endoplasms
  6 giant cockroaches
  11 goblins
  7 hobgoblins
  3 quokkas
  4 ball pythons
  7 bats
  2 frilled lizards
  14 kobolds
  3 rats (D:1)
154 creatures vanquished.

Vanquished Creatures (collateral kills)
  Pikel (D:6)
  An orc wizard (D:8)
2 creatures vanquished.

Vanquished Creatures (others)
  A centaur warrior (D:8)
  An orc wizard (D:8)
2 creatures vanquished.

Grand Total: 158 creatures vanquished

Notes
Turn   | Place    | Note
-------+----------+-------------------------------------------
     0 | D:1      | lonewolfV2 the Formicid Fighter began the quest for the
                  | Orb.
     0 | D:1      | Reached XP level 1. HP: 18/18 MP: 1/1
   109 | D:1      | Reached skill level 1 in Dodging
   154 | D:1      | Reached XP level 2. HP: 24/24 MP: 2/2
   720 | D:1      | Reached XP level 3. HP: 29/29 MP: 3/3
  1096 | D:2      | Identified the +1 hat "Lapso" {Will- Int+3 Dex+2}
  1400 | D:2      | Found Tukol's Armour Emporium.
  1400 | D:2      | Noticed an animated plate armour
  1401 | D:2      | Noticed an animated gold dragon scales
  1518 | D:2      | Found a shimmering altar of Xom.
  1558 | D:2      | Identified the +3 quarterstaff of the Growing Eel {drain,
                  | Int+3}
  1727 | D:2      | Identified a scroll of acquirement
  1727 | D:2      | Acquired a manual of Fighting
  1746 | D:3      | Reached XP level 4. HP: 29/35 MP: 4/4
  1761 | D:3      | Found a blossoming altar of Fedhas.
  1906 | D:3      | Reached skill level 4 in Fighting
  1963 | D:3      | Reached XP level 5. HP: 42/42 MP: 5/5
  2231 | D:3      | Found a shimmering altar of Xom.
  2233 | D:3      | Found a shimmering blue altar of Sif Muna.
  2233 | D:3      | Found a burning altar of Makhleb.
  2235 | D:3      | Found a hide-covered altar of Uskayaw.
  2235 | D:3      | Found a shimmering altar of Xom.
  2235 | D:3      | Found a glowing silver altar of Zin.
  2235 | D:3      | Noticed Pargi
  2372 | D:4      | Found a basalt altar of Yredelemnul.
  2386 | D:4      | Reached skill level 5 in Fighting
  2386 | D:4      | Reached XP level 6. HP: 51/51 MP: 6/6
  2678 | D:4      | Noticed an ogre
  2693 | D:4      | Killed an ogre
  2694 | D:4      | Reached skill level 5 in Dodging
  2737 | D:4      | Reached skill level 6 in Fighting
  2941 | D:4      | Reached XP level 7. HP: 58/58 MP: 7/7
  3107 | D:5      | Entered Level 5 of the Dungeon
  3231 | D:5      | Reached skill level 7 in Fighting
  3383 | D:5      | Reached XP level 8. HP: 57/67 MP: 8/8
  4014 | D:5      | Reached skill level 8 in Fighting
  4135 | D:5      | Found a runed translucent door.
  4136 | D:5      | Noticed Crazy Yiuf
  4436 | D:5      | Killed Crazy Yiuf
  4624 | D:6      | Found Byuppomas's General Store.
  4754 | D:6      | Found a staircase to the Ecumenical Temple.
  4766 | Temple   | Entered the Ecumenical Temple
  5037 | D:6      | Noticed Pikel
  5078 | D:6      | Killed Pikel
  5079 | D:6      | Reached skill level 9 in Fighting
  5079 | D:6      | Reached XP level 9. HP: 38/77 MP: 9/9
  5622 | D:6      | Reached skill level 10 in Fighting
  5943 | D:7      | Found an ornate altar of the Wu Jian Council.
  6169 | D:7      | Found a glowing golden altar of the Shining One.
  6315 | D:7      | Reached skill level 11 in Fighting
  6317 | D:7      | Found an ancient bone altar of Kikubaaqudgha.
  7265 | D:7      | Gained mutation: Your mind is acute. (Int +4, Str/Dex -1)
                  | [potion of mutation]
  7265 | D:7      | Lost mutation: Your mind is acute. (Int +4, Str/Dex -1)
                  | [potion of mutation]
  7265 | D:7      | Gained mutation: You expend magic power (3 MP) to
                  | strengthen your wands. [potion of mutation]
  7271 | D:8      | Reached XP level 10. HP: 88/88 MP: 10/10
  7324 | D:7      | Reached skill level 10 in Dodging
  7659 | D:8      | Reached skill level 12 in Fighting
  7673 | D:8      | Found a flagged portal.
  7802 | D:8      | Found a stormy altar of Qazlal.
  7808 | D:8      | Found an iron altar of Okawaru.
  7854 | D:8      | Became a worshipper of Qazlal Stormbringer
  7986 | D:8      | Noticed a centaur warrior
  7986 | D:8      | Noticed a seven-headed hydra
  7986 | D:8      | Noticed a centaur warrior
  7986 | D:8      | Noticed a centaur warrior
  7988 | D:8      | Noticed an efreet
  7990 | D:8      | Reached skill level 5 in Armour
  7990 | D:8      | Killed a centaur warrior
  7991 | D:8      | Reached skill level 13 in Fighting
  8024 | D:8      | HP: 3/92 [seven-headed hydra (11)]
  8024 | D:8      | Slain by a seven-headed hydra

Illustrated notes

Levels and vault maps discovered:
D:1:      ncdulo_wetmaze, layout_basic, reono_crystal_passage
D:2:      layout_loops_ring, basic_altar, serial_shops, nicolae_shop_mannequins,
          palyth_stone_intersect, minivault_27, hangedman_decor_clover_reticule,
          minmay_ruptured
D:3:      layout_loops_ring, doesnt_xom_only_xom, fedhas_altar_2, uniq_pargi
D:4:      layout_loops_ring, mainiacjoe_overflow_catwalk,
          kennysheep_generic_room_15
D:5:      layout_basic, minmay_hedge_maze, uniq_crazy_yiuf_cottage
D:6:      layout_cave_pods, temple_pool_b, serial_shops, shop,
          hangedman_minor_gate_pass, uniq_pikel
D:7:      layout_basic, mainiacjoe_overflow_24_doors, nzn_wu_jian_contemplation,
          marbit_many_paths, serial_bayou_crossing
D:8:      minmay_the_grid_octo_2x2 [minmay_the_grid_octo_empty,
          minmay_the_grid_octo_odd_swirl, minmay_the_grid_octo_clover_2,
          minmay_the_grid_octo_prize_big_c], layout_loops_corners,
          jmf_multi_god_temple, david_lair_shrubbed, enter_bailey_1
Temple:   nicolae_temple_figure_eight

Skill      XL: |  1  2  3  4  5  6  7  8  9 10 |
---------------+-------------------------------+-----
Dodging        | 1 2 3 4 5 6 8 9 10 | 10.2
Fighting       | 4 5 6 7 9 11 13 | 13.0
Armour         | 6 |  6.0
Axes           | |  2.0
Shields        | |  4.0

Action                     |  1- 3 |  4- 6 |  7- 9 | 10-12 || total
---------------------------+-------+-------+-------+-------++-------
  Melee: War axe           |   109 |   112 |   288 |    80 ||   589
Ability: Dig               |     1 |       |       |       ||     1
  Evoke: Wand              |       |       |     2 |     9 ||    11
    Use: Scroll            |     5 |     5 |    12 |     3 ||    25
         Potion            |       |     2 |     5 |     3 ||    10
 Armour: Scale mail        |     9 |       |       |       ||     9
         Chain mail        |    14 |       |       |       ||    14
         Plate armour      |    42 |    66 |   181 |    76 ||   365
  Dodge: Dodged            |    37 |    45 |   156 |    58 ||   296
  Block: Buckler           |    33 |    32 |    82 |    30 ||   177
